 Dungeon Crawl Stone Soup version 0.20-a0-501-g0de2c2e (webtiles) character file.

127 Duffy the Chopper (level 4, -15/37 HPs)
             Began as a Demigod Fighter on Jan 19, 2017.
             Demolished by an orc warrior
             ... wielding a +0 halberd
              (21 damage)
             ... on level 3 of the Dungeon.
             The game lasted 00:02:05 (2382 turns).

Duffy the Chopper (Demigod Fighter)                 Turns: 2382, Time: 00:02:06

Health: -15/37     AC:  6    Str: 21    XL:     4   Next: 56%
Magic:  6/6        EV:  7    Int: 12    God:
Gold:   115        SH:  9    Dex: 15    Spells: 3/3 levels left

rFire    . . .     SeeInvis .   a - +0 war axe
rCold    . . .     Gourm    .   b - +0 scale mail
rNeg     . . .     Faith    .   c - +0 shield
rPois    .         Spirit   .   (no helmet)
rElec    .         Reflect  .   (no cloak)
rCorr    .         Harm     .   (no gloves)
MR       .....                  (no boots)
Stlth    ..........             (no amulet)
Regen    0.2/turn               (no ring)
                                (no ring)

@: no status effects
A: high mp 1
a: no special abilities


You were on level 3 of the Dungeon.
You were not hungry.

You visited 1 branch of the dungeon, and saw 4 of its levels.

You collected 115 gold pieces.

Inventory:

Hand Weapons
 a - a +0 war axe (weapon)
Armour
 b - a +0 scale mail (worn)
 c - a +0 shield (worn)
Scrolls
 e - a scroll of amnesia {unknown}
 h - a scroll of teleportation {unknown}
 i - a scroll of enchant weapon {unknown}
 j - 5 scrolls of identify
 k - 2 scrolls of remove curse {unknown}
 o - a scroll of magic mapping {unknown}
Potions
 d - a potion of might
Comestibles
 f - 2 bread rations
 g - a chunk of flesh
 m - 4 fruits
 n - a slice of pizza


   Skills:
 - Level 2.6 Fighting
 + Level 4.6 Axes
 - Level 2.6 Armour
 - Level 2.6 Shields


You had 3 spell levels left.
You didn't know any spells.

Dungeon Overview and Level Annotations

Branches:
Dungeon (4/15)
 Temple: D:4-7


Innate Abilities, Weirdness & Mutations

You have an increased reservoir of magic. (+10% MP)


Message History

You are too injured to fight recklessly!
You are too injured to fight recklessly!
You are too injured to fight recklessly!
You are too injured to fight recklessly!
You are too injured to fight recklessly!
You are too injured to fight recklessly!
You are too injured to fight recklessly!
You hit the orc warrior.
The orc warrior is moderately wounded.
You slash the orc!
You kill the orc!
The orc warrior barely misses you.
You slash the orc warrior!
The orc warrior is severely wounded.
The orc warrior hits you with a halberd!
You hit the orc warrior.
The orc warrior is severely wounded.
The orc warrior hits you with a halberd!!
Ouch! That really hurt!
You die...

.....# #..#.##......#
.....###.#..##......##
#####.......##.......##..
####...................
....................###
.................>....#..
###......................
##.........##.)o.##.#..
##...#...###.@..# #
######### #....#
#####.##### #.........#
####......<..###
..................
###.........#....
#.........# ...
#.........# ..


You could see an orc warrior.

Vanquished Creatures
  An orc wizard (D:2)
  2 adders (D:2)
  An ooze (D:2)
  2 worms (D:2)
  6 dart slugs
  3 leopard geckos
  6 orcs
  4 bats
  2 giant cockroaches
  2 goblins (D:1)
  7 hobgoblins
  A quokka (D:2)
  4 frilled lizards (D:1)
  7 kobolds
  9 rats
57 creatures vanquished.

Vanquished Creatures (others)
  A bat (D:1)
1 creature vanquished.

Grand Total: 58 creatures vanquished

Notes
Turn   | Place    | Note
-------+----------+-------------------------------------------
     0 | D:1      | Duffy the Demigod Fighter began the quest for the Orb.
     0 | D:1      | Reached XP level 1. HP: 18/18 MP: 3/3
    63 | D:1      | Reached skill level 2 in Axes
   310 | D:1      | Reached XP level 2. HP: 25/25 MP: 4/4
   542 | D:1      | Reached skill level 3 in Axes
   729 | D:1      | Reached XP level 3. HP: 29/30 MP: 5/5
  1402 | D:2      | Found a basalt altar of Yredelemnul.
  1474 | D:2      | Reached skill level 4 in Axes
  1737 | D:2      | Reached XP level 4. HP: 37/37 MP: 6/6
  1970 | D:3      | Noticed an orc warrior
  2001 | D:4      | Noticed a phantom
  2382 | D:3      | Demolished by an orc warrior

Vault maps used:
D:1:      dpeg_arrival_leaves_temple_mockup, minmay_vboxes
D:2:      yredelemnul_altar_generic, minmay_tall_x
D:3:      kennysheep_nub
D:4:      cheibrodos_thug_alley, first_bread

Skill      XL: |  1  2  3 |
---------------+----------+-----
Axes           | 2 3 4 |  4.6
Fighting       | |  2.6
Armour         | |  2.6
Shields        | |  2.6

Action                   |  1- 3 |  4- 6 || total
-------------------------+-------+-------++-------
Melee: War axe           |   131 |    50 ||   181
  Use: Scroll            |       |     1 ||     1
       Potion            |       |     1 ||     1
 Stab: Distracted        |     1 |       ||     1
  Eat: Chunk             |     3 |     2 ||     5
Armor: Scale mail        |    48 |    27 ||    75
Dodge: Dodged            |    27 |     9 ||    36
Block: Shield            |    67 |    19 ||    86
